 Dungeon Crawl Stone Soup version 0.29-a0-668-g12ee2bf84d (webtiles) character file.

Game seed: 3590703021483628380

7 blackman the Sneak (level 2, -1/24 HPs)
             Began as a Human Delver on June 23, 2022.
             Succumbed to an adder's poison
             ... on level 5 of the Dungeon.
             The game lasted 00:01:15 (285 turns).

blackman the Sneak (Human Delver)                    Turns: 285, Time: 00:01:15

Health: -1/24      AC:  3    Str: 12    XL:     2   Next: 10%
Magic:  2/2        EV: 12    Int: 10    God:
Gold:   22         SH:  0    Dex: 14    Spells: 1/1 levels left

rFire   . . .      SeeInvis .   a - +0 hand axe
rCold   . . .      Faith    .   (no shield)
rNeg    . . .      Spirit   .   b - +0 leather armour
rPois   .          Reflect  .   (no helmet)
rElec   .          Harm     .   (no cloak)
rCorr   .          Rampage  .   (no gloves)
Will    .....                   (no boots)
Stlth   +++.......              (no amulet)
HPRegen 0.08/turn               (no ring)
MPRegen 0.08/turn               (no ring)

@: lethally poisoned (-1 -> -4)
A: no striking features
a: no special abilities


You were on level 5 of the Dungeon.
You visited 1 branch of the dungeon, and saw 3 of its levels.

You collected 22 gold pieces.

Inventory:

Hand Weapons
 a - a +0 hand axe (weapon)
Armour
 b - a +0 leather armour (worn)
Wands
 g - a wand of digging (3)
Scrolls
 c - a scroll of fog
 d - a scroll of teleportation {unknown}
 e - a scroll of fear
Potions
 f - a potion of haste
 h - a potion of degeneration {unknown}


   Skills:
 - Level 3.1 Fighting
 + Level 2.2 Axes
 - Level 2.1 Dodging
 - Level 5.1 Stealth


You had one spell level left.
You didn't know any spells.
Your spell library was empty.

Dungeon Overview and Level Annotations

Branches:
Dungeon (6/15)
 Temple: D:4-7

Altars:


Message History

You climb upwards.
There is a stone staircase leading down here.
A scorpion and an adder come into view.
Found a scroll of fog.
Found 5 stones.
The adder hisses angrily.
You hit the adder but do no damage. The adder bites you but does no damage.
You closely miss the adder. The adder bites you but does no damage.
The adder bites you.
You miss the adder. The adder bites you.
You hit the adder.
The adder is moderately wounded.
The adder bites you.
You are poisoned.
The adder poisons you! The adder bites you.
You barely miss the adder.
The adder is moderately wounded.
You feel sick. The adder bites you.
You are lethally poisoned!
The adder poisons you!
You barely miss the adder.
The adder is moderately wounded.
You feel very sick. The adder closely misses you. The adder misses you.
You closely miss the adder.
The adder is moderately wounded.
* * * LOW HITPOINT WARNING * * *
You feel sick. The adder bites you but does no damage.
You barely miss the adder.
The adder is moderately wounded.
* * * LOW HITPOINT WARNING * * *
You feel sick. The adder misses you. The adder bites you.
* * * LOW HITPOINT WARNING * * *
You closely miss the adder.
The adder is moderately wounded.
* * * LOW HITPOINT WARNING * * *
You feel sick. The adder closely misses you.
You hit the adder.
The adder is heavily wounded.
You die...

*,,,,,,,,,,,**,,,**,****,***
*,,,,,,,,,,,,,.......,,,,,,,
*,,,,,,,,,,,,......?.s,,,,,,
*,,,,,**,,,,*#........,,,,,,
****##########........,,,,,,
*,,,........##......#*,,,,,,
*,,,........##......#*+###**
*,,,................##...###
*,,,......S@................
*,,,..##..(.##..............
*******#######..............
#...............
#....>..........
#...............
##...##.##..##.#
#######.##..##**
#....#.......#,,


You could see an adder.

Vanquished Creatures
  An adder (D:5)
1 creature vanquished.

Notes
Turn   | Place    | Note
-------+----------+-------------------------------------------
     0 | D:5      | blackman the Human Delver began the quest for the Orb.
     0 | D:5      | Reached XP level 1. HP: 18/18 MP: 1/1
    92 | D:5      | Reached XP level 2. HP: 12/24 MP: 2/2
   267 | D:6      | Noticed a bullfrog
   272 | D:5      | Noticed a scorpion
   284 | D:5      | HP: 1/24 [poisoned by an adder]
   285 | D:5      | Succumbed to an adder's poison

Illustrated notes

Levels and vault maps discovered:
D:4:      layout_loops_ring, kennysheep_generic_room_6
D:5:      layout_gridville, uniq_blork_the_orc, uniq_edmund
D:6:      layout_loops_corners, makhleb_heckhound_becter, chequers_avenue,
          minmay_statues_item, nrook_mini_vaults, grunt_decor_mini_mirrors

Action                   || total
-------------------------++-------
Melee: Hand axe          ||    26
  Use: Scroll            ||     2
Armor: Leather armour    ||     7
Dodge: Dodged            ||    18

Table legend: (Time is in decaauts)
 A = Elapsed time spent in this place.
 B = Non-inter-level travel time spent in this place.
 C = Inter-level travel time spent in this place.
 D = Time resting spent in this place.
 E = Time spent auto-exploring this place.
 F = Levels seen in this place.
 G = Mean time per level.
                   A        B        C        D        E       F      G
               +--------+--------+--------+--------+--------+-----+--------+
         Total |    291 |    213 |     78 |    138 |      7 |   3 |   97.0 |
       Dungeon |    291 |    213 |     78 |    138 |      7 |   3 |   97.0 |
               +--------+--------+--------+--------+--------+-----+--------+

Top non-repeatable levels by time:
     D:5: 261 daAuts
     D:4: 28 daAuts
     D:6: 1 daAuts
